 Dungeon Crawl Stone Soup version 0.29.1-1-gd02db6906a (webtiles) character file.

Game seed: 4235344887711971739

135 raincastle the Agent of Entropy (level 4, 0/37 HPs)
             Began as a Demonspawn Abyssal Knight on Sept 16, 2022.
             Was a Priest of Lugonu.
             Slain by an orc
             ... wielding a +0 flail
              (5 damage)
             ... on level 4 of the Dungeon.
             The game lasted 00:08:00 (2665 turns).

raincastle the Agent of Entropy (DsAK)              Turns: 2665, Time: 00:08:01

Health: 0/37       AC:  8    Str: 15    XL:     4   Next: 97%
Magic:  6/6        EV:  6    Int: 11    God:    Lugonu [***...]
Gold:   149        SH:  4    Dex: 14    Spells: 3/3 levels left

rFire   . . .      SeeInvis .   a - +1 hand axe
rCold   . . .      Faith    .   (no shield)
rNeg    . . .      Spirit   .   g - +0 chain mail
rPois   .          Reflect  .   (no helmet)
rElec   .          Harm     .   (no cloak)
rCorr   .          Rampage  .   (no gloves)
Will    .....                   (no boots)
Stlth   ..........              (no amulet)
HPRegen 0.12/turn               (no ring)
MPRegen 0.10/turn               (no ring)

@: no status effects
A: large bone plates 1, demonic magic 1
a: Renounce Religion, Depart the Abyss, Bend Space, Banish


You were on level 4 of the Dungeon.
You worshipped Lugonu.
Lugonu was most pleased with you.
You visited 1 branch of the dungeon, and saw 4 of its levels.
You visited the Abyss 1 time.

You collected 149 gold pieces.

Inventory:

Hand Weapons
 a - a +1 hand axe (weapon)
Missiles
 h - 2 poisoned darts
Armour
 b - a +0 leather armour
 g - a +0 chain mail (worn)
Scrolls
 e - a scroll of teleportation
 i - a scroll of vulnerability {unknown}
 l - a scroll of poison {unknown}
 m - a scroll of enchant armour {unknown}
 o - a scroll of blinking {unknown}
Potions
 c - a potion of lignification {unknown}
 d - a potion of mutation
 j - a potion of haste {unknown}
 k - a potion of invisibility {unknown}
 n - a potion of attraction {unknown}
 p - a potion of heal wounds


   Skills:
 + Level 3.8 Fighting
 + Level 2.7 Axes
 + Level 2.6 Armour
 + Level 1.2 Dodging
 * Level 3.9 Invocations


You had 3 spell levels left.
You didn't know any spells.
Your spell library was empty.

Dungeon Overview and Level Annotations

Branches:
Dungeon (4/15)
 Temple: D:4-7

Altars:
Sif Muna


Innate Abilities, Weirdness & Mutations

You are partially covered in large bone plates. (SH +4)
Spells you cast may paralyse adjacent enemies.


Message History

The orc priest hits something with a +0 club.
You see here 9 stones.
The orc attacks as you move away! The orc hits you but does no damage.
The orc attacks as you move away! The orc barely misses you.
A goblin comes into view. It is wielding a +0 club.
The goblin shouts!
The orc barely misses you. The orc attacks as you move away!
The orc hits you with a +0 flail.
There is an escape hatch in the floor here.
The orc closely misses you.
You slide downwards.
The hatch slams shut behind you.
Found a shimmering blue altar of Sif Muna.
Found a stone staircase leading up.
You hit the orc.
The orc is moderately wounded.
The orc hits you but does no damage.
You barely miss the orc.
The orc is moderately wounded.
The orc hits you but does no damage.
You hit the orc but do no damage.
The orc is moderately wounded.
The orc hits you with a +0 flail. x2
You hit the orc but do no damage.
The orc is moderately wounded.
The orc hits you but does no damage.
You hit the orc but do no damage.
The orc is moderately wounded.
You block the orc's attack.
You hit the orc.
The orc is severely wounded.
The orc hits you with a +0 flail!
* * * LOW HITPOINT WARNING * * *
You closely miss the orc.
The orc is severely wounded.
The orc hits you with a +0 flail.
* * * LOW HITPOINT WARNING * * *
You hit the orc but do no damage.
The orc is severely wounded.
The orc hits you with a +0 flail.
You die...

.# ## .#
.. .##
#< ..#
#. ..#
#. ..#
#.#.#..#
#...@o.#
##...#.#
#.#.# #
#.._. #
#.# #..
###


You could see an orc.

Vanquished Creatures
  A phantom (D:1)
  An adder (D:2)
  2 worms (D:2)
  A dart slug (D:1)
  2 ball pythons
  5 endoplasms
  2 giant cockroaches (D:1)
  4 goblins
  4 hobgoblins
  7 jackals
  2 bats
  4 frilled lizards
  3 kobolds (D:1)
  5 rats
43 creatures vanquished.

Vanquished Creatures (others)
  A fungus (D:3)
1 creature vanquished.

Grand Total: 44 creatures vanquished

Notes
Turn   | Place    | Note
-------+----------+-------------------------------------------
     0 | Abyss:1  | raincastle the Demonspawn Abyssal Knight began the quest
                  | for the Orb.
     0 | Abyss:1  | Reached XP level 1. HP: 18/18 MP: 2/2
     1 | D:1      | Escaped the Abyss
   224 | D:1      | Gained mutation: Spells you cast may paralyse adjacent
                  | enemies. [demonic ancestry]
   224 | D:1      | Reached XP level 2. HP: 10/24 MP: 4/4
  1172 | D:2      | Noticed a phantom
  1263 | D:1      | Killed a phantom
  1264 | D:1      | Reached skill level 1 in Dodging
  1264 | D:1      | Reached XP level 3. HP: 9/30 MP: 5/5
  1264 | D:1      | Gained mutation: You are partially covered in large bone
                  | plates. (SH +4) [demonic ancestry]
  1264 | D:1      | Reached XP level 4. HP: 11/37 MP: 6/6
  1495 | D:2      | Reached *** piety under Lugonu
  1507 | D:2      | Identified the +11 dagger of the Wheel {holy, Will+ rCorr
                  | Dex-4}
  2602 | D:3      | Found a faded altar of an unknown god.
  2657 | D:4      | Found a shimmering blue altar of Sif Muna.
  2665 | D:4      | Slain by an orc

Illustrated notes

Levels and vault maps discovered:
D:1:      mrwooster_arrival_statue_3, layout_loops_ring
D:2:      layout_rooms
D:3:      layout_loops_ring, mainiacjoe_overflow_boulevard, old_standard_altar,
          shapermc_ecumenical_altar_acropolis, chequers_serial_rivers_marsh,
          minivault_26, nicolae_figureground_sparkle, uniq_ijyb, uniq_sigmund
D:4:      layout_basic, lemuel_crystal_altar

Skill      XL: |  1  2 |
---------------+-------+-----
Armour         | 2 |  2.6
Axes           | 2 |  2.7
Invocations    | 3 |  3.9
Dodging        | 1 |  1.2
Fighting       | |  3.8

Action                   |  1- 3 |  4- 6 || total
-------------------------+-------+-------++-------
Melee: Hand axe          |    64 |    90 ||   154
       Punch             |       |     1 ||     1
  Use: Scroll            |       |     3 ||     3
Armor: Leather armour    |     4 |       ||     4
       Chain mail        |    39 |    56 ||    95
Dodge: Dodged            |    30 |    19 ||    49
Block: Other             |       |    13 ||    13
